 Dungeon Crawl Stone Soup version 0.17-a0-119-g2b06fc5 (webtiles) character file.

4386 xeno23 the Magician (level 10, -2/68 HPs)
             Began as a High Elf Ice Elementalist on Mar 20, 2015.
             Was a Follower of Ashenzari.
             Killed from afar by Erolcha (10 damage)
             ... with a crystal spear
             ... on level 8 of the Dungeon.
             The game lasted 01:24:42 (10008 turns).

xeno23 the Magician (High Elf Ice Elementalist)    Turns: 10008, Time: 01:24:43

Health: -2/68      AC: 16    Str: 10    XL:     10   Next: 13%
Magic:  0/37       EV: 15    Int: 24    God:    Ashenzari [*.....]
Gold:   471        SH:  0    Dex: 15    Spells: 5 memorised, 9 levels left

rFire  + . .     SeeInvis .     J - +1 dagger (vamp) (curse)
rCold  . . .     Clarity  .     Q - +1 leather armour {rF+}
rNeg   . . .     SustAb   .     (no shield)
rPois  .         Gourm    .     B - +0 helmet (curse)
rElec  .         Spirit   +     H - +0 cloak
rCorr  .         Warding  .     E - +0 pair of gloves {Str+3} (curse)
rMut   .         Stasis   .     G - +0 pair of boots
MR     +....                    K - amulet of guardian spirit
Stlth  +++.......               T - ring of wizardry
                                D - ring of magical power

@: icy armour, somewhat resistant to hostile enchantments, fairly stealthy
A: no striking features
a: Renounce Religion


You were on level 8 of the Dungeon.
You worshipped Ashenzari.
Ashenzari was aware of your devotion.
You were not hungry.

You visited 2 branches of the dungeon, and saw 9 of its levels.
You also visited: Ossuary.

You collected 505 gold pieces.
You spent 34 gold pieces at shops.

Inventory:

Hand weapons
 s - a +1 dagger of electrocution
 A - a +0 trident of distortion
 J - a cursed +1 vampiric dagger (weapon)
 N - a +2 falchion of holy wrath
Missiles
 q - a throwing net (quivered)
Armour
 j - a +0 buckler
 m - an ice dragon hide
 B - a cursed +0 helmet (worn)
 E - a cursed +0 pair of gloves of strength (worn)
 G - a +0 pair of boots (worn)
 H - a +0 cloak (worn)
 Q - a +1 leather armour of fire resistance (worn)
Jewellery
 u - an uncursed amulet of faith
 y - an uncursed ring of see invisible
 C - a +3 ring of strength
 D - a ring of magical power (left hand)
 F - an uncursed ring of fire
 K - an amulet of guardian spirit (around neck)
 T - a ring of wizardry (right hand)
Magical devices
 h - a wand of cold (9)
 R - a wand of frost (16)
Scrolls
 l - a scroll of noise
 o - 5 scrolls of recharging
 r - 4 scrolls of identify
 t - 2 scrolls of fog
 w - 2 scrolls of teleportation
 x - a scroll of curse weapon
 L - a scroll of amnesia {unknown}
 M - a scroll of enchant armour {unknown}
 O - 2 scrolls of blinking
 U - a scroll of vulnerability {unknown}
Potions
 a - a potion of mutation {unknown}
 d - a potion of flight {unknown}
 e - a potion of lignification
 f - a potion of heal wounds {unknown}
 g - a potion of invisibility {unknown}
 i - 6 potions of brilliance {unknown}
 k - 2 potions of restore abilities {unknown}
 n - a potion of ambrosia {unknown}
 v - a potion of agility
 z - 3 potions of curing
 I - 2 potions of poison {unknown}
 P - a potion of beneficial mutation {unknown}
 S - 2 potions of berserk rage {unknown}
Books
 b - a book of Frost

   Spells                             Type                      Level
   a - Freeze                         Ice                          1
   b - Throw Frost                    Conjuration/Ice              2
   c - Ozocubu's Armour               Charms/Ice                   3
   d - Throw Icicle                   Conjuration/Ice              4
   e - Summon Ice Beast               Ice/Summoning                4
   f - Condensation Shield            Ice                          4
Comestibles
 c - 5 bread rations
 p - 6 meat rations
 V - 2 chunks of flesh


   Skills:
 * Level 5.6 Fighting
 * Level 2.1 Armour
 + Level 5.8 Dodging
 + Level 5.2 Stealth
 * Level 1.6 Shields
 - Level 0.1 Unarmed Combat
 * Level 7.2 Spellcasting
 + Level 4.5 Conjurations
 - Level 4.4 Charms
 * Level 4.0 Summonings
 * Level 6.8 Ice Magic


You had 9 spell levels left.
You knew the following spells:

 Your Spells              Type           Power        Failure   Level  Hunger
a - Freeze                Ice            ####         1%          1    None
b - Ozocubu's Armour      Chrm/Ice       #####...     1%          3    None
c - Summon Ice Beast      Ice/Summ       ####....     4%          4    ###....
d - Throw Icicle          Conj/Ice       #####...     4%          4    ###....
q - Throw Frost           Conj/Ice       #####.       1%          2    None


Dungeon Overview and Level Annotations

Branches:
Dungeon (8/15)             Temple (1/1) D:6
   Lair: D:8-11

Altars:
Ashenzari
Dithmenos
Elyvilon
Fedhas
Gozag
Kikubaaqudgha
Makhleb
Nemelex Xobeh
Okawaru
Qazlal
Sif Muna
Trog
Vehumet
Xom
Yredelemnul
Zin
The Shining One

Shops:
D:6 [[

Annotations:
D:8 Erolcha


Message History

The kobold demonologist dies!
Your Summonings skill increases to level 4!
The white imp hits you but does no damage.
The white imp disappears in a puff of smoke!
Erolcha mumbles some strange words.
Erolcha blinks!
Erolcha points at you and mumbles some strange words.
The bolt of cold hits you!
Items here: )) [[ † a +0 dagger; an uncursed leather armour; a +0 dagger; an uncursed robe an orc corpse Erolcha tries to grin evilly.
Erolcha points at you and mumbles some strange words.
The crystal spear hits you!
Ouch! That really hurt!
* * * LOW HITPOINT WARNING * * *
Your ice beast hits Erolcha.
Your ice beast freezes Erolcha!
Erolcha casts a spell at you. The crystal spear hits you!
You die...

.......))(#
.....##...$# ....
###..# .....## #§.#
......# #..###
.......#####....##
......#(....Y)....##
#.....##.....O......#
#....##.@####......#
#.......## ##..#..#
#.......# ##....#
##......## ....#
#.....<.# ....#
##......## ..##
#.......### ##
#.........##
#######......###


You could see Erolcha and a friendly ice beast.

Vanquished Creatures
  Edmund (D:8)
  A water moccasin (D:7)
  The ghost of Alpha the Vexing, an average SpEn of Dithmenos (D:4)
  3 orc warriors
  2 ogres
  A phantom (D:5)
  A sky beast (D:8)
  2 centaurs
  Duvessa (D:4)
  4 elf zombies (Ossuary)
  2 giant frogs
  6 scorpions
  A goliath beetle (D:7)
  Dowan (D:4)
  3 centaur zombies (Ossuary)
  A hound (D:5)
  3 crimson imps
  A centaur skeleton (D:7)
  A quasit (D:7)
  An iguana (D:4)
  2 jellies
  5 orc priests
  9 orc wizards
  9 worker ants
  Natasha (thrice) (D:6)
  2 killer bee zombies
  A big kobold zombie (Ossuary)
  Ijyb (D:3)
  Terence (D:3)
  A mummy (Ossuary)
  Robin (D:3)
  8 gnolls
  10 adders
  2 shadow imps
  A giant mite (D:3)
  5 worms
  3 adder zombies
  An ooze (D:1)
  32 orcs
  4 ball pythons
  13 bats
  A bat skeleton (D:4)
  20 hobgoblins
  10 jackals
  4 quokkas
  4 giant cockroaches
  A giant cockroach zombie (D:6)
  5 giant geckos
  5 giant newts
  25 goblins
  A goblin zombie (Ossuary)
  3 hobgoblin zombies (Ossuary)
  5 jackal zombies (Ossuary)
  14 kobolds
  5 kobold zombies (Ossuary)
  An orc zombie (Ossuary)
  A quokka skeleton (D:8)
  3 quokka zombies (Ossuary)
  9 rats
  6 rat zombies (Ossuary)
274 creatures vanquished.

Vanquished Creatures (collateral kills)
  The ghost of xeno23 the Magician, an experienced HEIE of Cheibriados (D:6)
  A kobold demonologist (D:8)
  A necrophage (D:7)
  A black bear (D:6)
  A wasp (D:7)
  An orc warrior (D:7)
  A phantom (D:6)
  A centaur (D:8)
  An elf zombie (Ossuary)
  5 killer bees (D:7)
  A centaur zombie (Ossuary)
  A jelly (D:6)
  An orc priest (D:8)
  An orc wizard (D:8)
  2 mummies (Ossuary)
  An adder (D:6)
  An adder zombie (Ossuary)
  7 orcs
  An orc zombie (Ossuary)
30 creatures vanquished.

Vanquished Creatures (others)
  6 ice beasts
6 creatures vanquished.

Grand Total: 310 creatures vanquished

Notes
Turn   | Place    | Note
--------------------------------------------------------------
     0 | D:1      | xeno23, the High Elf Ice Elementalist, began the quest for the Orb.
     0 | D:1      | Reached XP level 1. HP: 11/11 MP: 4/4
   263 | D:1      | Reached XP level 2. HP: 13/17 MP: 4/6
   267 | D:1      | Learned a level 2 spell: Throw Frost
  1232 | D:2      | Reached XP level 3. HP: 1/21 MP: 0/8
  1703 | D:2      | Reached XP level 4. HP: 25/27 MP: 7/12
  1774 | D:3      | Reached skill level 1 in Fighting
  1858 | D:3      | Reached XP level 5. HP: 30/33 MP: 4/15
  1984 | D:3      | Learned a level 3 spell: Ozocubu's Armour
  2039 | D:3      | Found an iron altar of Okawaru.
  2096 | D:3      | Noticed Terence
  2104 | D:3      | Killed Terence
  2124 | D:3      | Noticed Robin
  2424 | D:3      | Killed Robin
  2424 | D:3      | Reached skill level 4 in Spellcasting
  2491 | D:3      | Noticed Ijyb
  2502 | D:3      | Killed Ijyb
  2504 | D:3      | Found a shadowy altar of Dithmenos.
  2507 | D:3      | Found a glowing golden altar of the Shining One.
  2543 | D:3      | Reached XP level 6. HP: 28/41 MP: 9/18
  2683 | D:3      | Found a burning altar of Makhleb.
  2897 | D:4      | Reached skill level 1 in Charms
  2912 | D:4      | Noticed Alpha's ghost (average SpEn)
  2916 | D:4      | Killed Alpha's ghost
  2923 | D:4      | Learned a level 4 spell: Summon Ice Beast
  3175 | D:4      | Reached XP level 7. HP: 36/46 MP: 3/20
  3507 | D:4      | Noticed Duvessa
  3507 | D:4      | Noticed Dowan
  3514 | D:4      | Killed Duvessa
  3519 | D:4      | Killed Dowan
  3519 | D:4      | Reached skill level 1 in Summonings
  3814 | D:4      | Learned a level 4 spell: Throw Icicle
  4167 | D:5      | Entered Level 5 of the Dungeon
  4186 | D:5      | Found a deep blue altar of Sif Muna.
  4626 | D:5      | Reached skill level 5 in Spellcasting
  4626 | D:5      | Reached skill level 5 in Ice Magic
  4626 | D:5      | Reached XP level 8. HP: 19/54 MP: 3/22
  4816 | D:5      | Found an opulent altar of Gozag.
  5057 | D:5      | Found a shattered altar of Ashenzari.
  5099 | D:5      | Became a worshipper of Ashenzari the Shackled
  6227 | D:6      | Found a glowing golden altar of the Shining One.
  6235 | D:6      | Noticed Natasha
  6241 | D:6      | Killed Natasha
  6242 | D:6      | Found a staircase to the Ecumenical Temple.
  6268 | D:6      | Noticed xeno23's ghost (experienced HEIE)
  6308 | D:6      | Killed xeno23's ghost
  6308 | D:6      | Reached skill level 5 in Dodging
  6519 | D:6      | Found a sand-covered staircase.
  6529 | D:6      | Found a glowing silver altar of Zin.
  6533 | D:6      | Noticed an angel
  6541 | D:6      | Found a shimmering altar of Xom.
  6587 | Ossuary  | Entered an ossuary
  6603 | Ossuary  | Reached XP level 9. HP: 42/59 MP: 25/25
  6752 | Ossuary  | Reached skill level 6 in Spellcasting
  7059 | Ossuary  | HP: 3/60 [mummy (6)]
  7383 | D:6      | Reached skill level 5 in Fighting
  7472 | Temple   | Entered the Ecumenical Temple
  7694 | D:6      | Found a bloodstained altar of Trog.
  7767 | D:6      | Found a deep blue altar of Sif Muna.
  7797 | D:6      | Found Thicraocs' Antique Armour Shoppe.
  7805 | D:6      | Bought a runed leather armour for 34 gold pieces
  7891 | D:6      | Found Mulujup's Antique Armour Emporium.
  7975 | D:6      | Noticed Natasha
  7976 | D:6      | Killed Natasha
  8205 | D:6      | Noticed Natasha
  8209 | D:6      | Killed Natasha
  8273 | D:7      | Reached skill level 1 in Armour
  8297 | D:7      | Reached skill level 5 in Stealth
  8615 | D:7      | Reached skill level 1 in Shields
  9712 | D:7      | Reached skill level 7 in Spellcasting
  9850 | D:8      | Reached XP level 10. HP: 67/67 MP: 28/28
  9889 | D:8      | Identified a scroll of acquirement
  9896 | D:8      | Noticed Edmund
  9908 | D:8      | Killed Edmund
  9979 | D:8      | Noticed a kobold demonologist
  9983 | D:8      | Noticed Erolcha
  9999 | D:8      | Killed a kobold demonologist
 10008 | D:8      | Killed from afar by Erolcha

Action                   |  1- 3 |  4- 6 |  7- 9 | 10-12 || total
-------------------------+-------+-------+-------+-------++-------
Melee: Unarmed           |    73 |       |       |       ||    73
       Dagger            |     1 |    99 |   717 |    14 ||   831
Throw: Throwing net      |       |       |     1 |       ||     1
 Cast: Freeze            |    25 |    48 |    99 |    10 ||   182
       Throw Frost       |    14 |    41 |   136 |     6 ||   197
       Ozocubu's Armour  |       |     5 |     7 |     2 ||    14
       Throw Icicle      |       |       |     3 |       ||     3
       Summon Ice Beast  |       |       |    21 |     6 ||    27
  Use: Scroll            |       |     2 |    14 |     1 ||    17
       Potion            |       |       |     1 |       ||     1
 Stab: Sleeping          |     4 |     1 |     9 |       ||    14
       Distracted        |       |       |     2 |     2 ||     4
  Eat: Chunk             |     3 |     6 |    17 |     1 ||    27
       Bread ration      |       |       |     2 |       ||     2
       Royal jelly       |       |       |     1 |       ||     1
       Beef jerky        |       |       |     1 |       ||     1
